AoeStats
← So sad

Nomad

509170440Analyzed
3v3 RM · 5d ago on Sep 25, 2026· 26m 12s· 6 players
Game mode
Random Map
Map size
210×210
Population
200
Speed
Normal
Resources
Standard
Victory
Conquest
Starting age
Dark Age
Ending age
Imperial Age
RankedLock teamsTeams togetherTeam positionsShared explorationLock speedFull tech treeHidden civsTurbo modeCheats
Victory
Defeat
🇺🇦 Magyars · Ukraine
1367
+16
🇧🇾 Danes · Belarus
1363
+16
🇧🇾 Franks · Belarus
1356
+16
🇨🇴 Spanish · Colombia
1382
-17
🇦🇷 Malay · Argentina
1360
-16
🇫🇷 Persians · France
1336
-15
PistonForjado
6:16 Loom
13:22 Feudal Age
13:19 Double-Bit Axe
19:20 Fletching
21:49 Horse Collar
Icomemostlyinpeace
4:17 Loom
12:56 Feudal Age
13:19 Double-Bit Axe
16:02 Bloodlines
18:22 Castle Age
16:38 Horse Collar
17:57 Town Watch
18:21 Scale Barding Armor
18:28 Gold Mining
20:30 Forging
Saruman 117
3:58 Loom
14:03 Feudal Age
15:08 Town Watch
20:03 Wheelbarrow
22:29 Castle Age
20:20 Double-Bit Axe
21:08 Fletching
21:25 Gold Mining
21:36 Horse Collar
23:36 Bodkin Arrow
23:48 Heavy Plow
So sad
5:02 Loom
14:52 Feudal Age
15:49 Town Watch
15:57 Fishing Lines
19:42 Castle Age
19:08 Scale Barding Armor
19:14 Forging
21:34 Husbandry
NiL
13:03 Feudal Age
15:06 Loom
16:13 Double-Bit Axe
17:56 Fishing Lines
24:06 Castle Age
23:20 Fletching
25:02 Bodkin Arrow
25:07 Padded Archer Armor
HURMA
4:45 Loom
15:46 Feudal Age
16:24 Fishing Lines
20:06 Castle Age
18:08 Double-Bit Axe
18:53 Forging
19:48 Horse Collar
20:26 Scale Mail Armor
20:56 Medium Warships
20:37 Gillnets
20:57 Medium Warships
20:37 Gillnets
21:50 Iron Casting
22:03 Squires
21:48 Arson
22:51 Chain Mail Armor
22:27 Gambesons
24:44 Fletching
25:10 Gold Mining
25:48 Heavy Plow
Connection lost

Rejoining the realm…

Still unreachable

The connection could not be restored.

Session expired

The server has moved on; the page needs a fresh start.